 Dungeon Crawl Stone Soup version 0.23.0 (webtiles) character file.

Game seed: 3843218133176444773

128 Folque the Gusty (level 4, -1/24 HPs)
             Began as a Deep Elf Air Elementalist on Feb 16, 2019.
             Slain by Grinder (2 damage)
             ... on level 3 of the Dungeon.
             The game lasted 00:11:51 (2211 turns).

Folque the Gusty (Deep Elf Air Elementalist)        Turns: 2211, Time: 00:11:52

Health: -1/24      AC:  3    Str: 10    XL:     4   Next: 86%
Magic:  6/12       EV: 13    Int: 21    God:
Gold:   106        SH:  0    Dex: 15    Spells: 5/11 levels left

rFire    . . .     SeeInvis .   q - +2 dagger (drain)
rCold    . . .     Gourm    .   (no shield)
rNeg     . . .     Faith    .   a - +0 robe
rPois    .         Spirit   .   o - +0 helmet
rElec    .         Reflect  .   (no cloak)
rCorr    .         Harm     .   (no gloves)
MR       .....                  (no boots)
Stlth    ++........             (no amulet)
HPRegen  0.08/turn              g - ring of wizardry
MPRegen  0.13/turn              i - ring of wizardry

@: mighty, flying
A: no striking features
a: no special abilities


You were on level 3 of the Dungeon.
You were not hungry.

You visited 1 branch of the dungeon, and saw 3 of its levels.

You collected 106 gold pieces.

Inventory:

Hand Weapons
 b - a +0 hand axe
 l - a +0 quarterstaff
 q - a +2 dagger of draining (weapon)
Armour
 a - a +0 robe (worn)
 o - a +0 helmet (worn)
Jewellery
 g - a ring of wizardry (left hand)
 i - a ring of wizardry (right hand)
 n - an uncursed amulet of the gourmand
Scrolls
 d - 3 scrolls of amnesia {unknown}
 e - a scroll of teleportation {unknown}
 f - 3 scrolls of identify
 k - 2 scrolls of remove curse {unknown}
 m - a scroll of enchant armour {unknown}
Potions
 r - a potion of might
Comestibles
 c - 6 rations
 p - 6 chunks of flesh


   Skills:
 - Level 2.4 Dodging
 - Level 2.4 Stealth
 - Level 4.0 Spellcasting
 + Level 3.2 Conjurations
 - Level 1.2 Charms
 + Level 4.2 Air Magic


You had 5 spell levels left.
You knew the following spells:

 Your Spells              Type           Power        Failure   Level  Hunger
a - Shock                 Conj/Air       ###.         1%          1    None
b - Swiftness             Chrm/Air       ###.....     1%          2    #......
c - Static Discharge      Conj/Air       ###.....     2%          3    ###....

Your spell library contained the following spells:

 Spells                   Type           Power        Failure   Level  Hunger
 Airstrike                Air            ###.......   6%          4    ####...
 Lightning Bolt           Conj/Air       ###.......   19%         5    ######.


Dungeon Overview and Level Annotations

Branches:
Dungeon (3/15)

Altars:

Annotations:
D:3 Grinder


Message History

Grinder is lightly wounded.
You are struck by an arc of lightning.
The lightning grounds out.
Grinder barely misses you.
Casting: Static Discharge (safe; 2% risk of failure)
Confirm with . or Enter, or press ? or * to list all spells.
Grinder is struck by an arc of lightning!
Grinder is moderately wounded.
You are struck by an arc of lightning.
* * * LOW HITPOINT WARNING * * *
The lightning grounds out.
Grinder closely misses you.
It was a potion of might.
You feel very mighty all of a sudden. Grinder hits you.
* * * LOW HITPOINT WARNING * * *
It was a potion of flight.
You feel very buoyant.
You fly up into the air.
Grinder hits you.
* * * LOW HITPOINT WARNING * * *
You writhe in agony.
You die...

.####........ ##(..
.###.......< ##....
.........). .....
..........) #...
####.......รท #...
#...).... ..##.#.#######
#.(......
.....:!......#####........
#...5@........).......
#######...........####
.....(..............
................####
.................#
######.............
##...##...####. ##########
#


You could see Grinder.

Vanquished Creatures
  An orc wizard (D:3)
  Robin (D:2)
  An adder (D:2)
  An ooze (D:1)
  3 dart slugs (D:1)
  2 leopard geckos
  4 orcs (D:3)
  4 bats
  A giant cockroach (D:3)
  17 goblins
  8 hobgoblins
  A quokka (D:3)
  3 ball pythons (D:1)
  4 frilled lizards
  2 kobolds
  7 rats
60 creatures vanquished.

Notes
Turn   | Place    | Note
-------+----------+-------------------------------------------
     0 | D:1      | Folque the Deep Elf Air Elementalist began the quest for
                  | the Orb.
     0 | D:1      | Reached XP level 1. HP: 10/10 MP: 6/6
   121 | D:1      | Reached XP level 2. HP: 5/15 MP: 4/8
   526 | D:1      | Learned a level 2 spell: Swiftness
   720 | D:1      | Reached skill level 1 in Charms
   764 | D:1      | Reached XP level 3. HP: 4/19 MP: 7/9
  1214 | D:2      | Learned a level 3 spell: Static Discharge
  1343 | D:2      | Noticed Robin
  1379 | D:2      | Killed Robin
  1379 | D:2      | Reached XP level 4. HP: 7/24 MP: 2/11
  2198 | D:3      | Noticed Grinder
  2198 | D:3      | HP: 1/24 [Grinder/nerve-wracking pain (9)]
  2202 | D:3      | Paralysed by Grinder for 5 turns
  2211 | D:3      | HP: 1/24 [Grinder (1)]
  2211 | D:3      | Slain by Grinder

Skill      XL: |  1  2  3  4 |
---------------+-------------+-----
Conjurations   | 2 3 |  3.2
Charms         | 1 |  1.2
Spellcasting   | 4 |  4.0
Air Magic      | 4 |  4.2
Dodging        | |  2.4
Stealth        | |  2.4

Action                   |  1- 3 |  4- 6 || total
-------------------------+-------+-------++-------
Melee: Hand axe          |    50 |       ||    50
       Unarmed           |     1 |       ||     1
       Quarterstaff      |     9 |    27 ||    36
       Dagger            |       |    16 ||    16
 Cast: Shock             |    24 |     8 ||    32
       Static Discharge  |     1 |     4 ||     5
       Swiftness         |     1 |       ||     1
  Use: Scroll            |     1 |     1 ||     2
       Potion            |       |     4 ||     4
 Stab: Sleeping          |     5 |     5 ||    10
  Eat: Chunk             |       |     4 ||     4
Armor: Robe              |     9 |    17 ||    26
Dodge: Dodged            |    47 |    31 ||    78
